Map: Ulrena

Players

MightyKiwi

  • Race: Zerg Zerg
  • League: Grandmaster

HeroMarine - Winner!

  • Race: Terran Terran

Event: NationWars III

VOD

Have the link to the VOD?

Description

Time

  • Played on: Dec. 13, 2015, 11:50 a.m.
  • Length: 9:35
Show
View Real Time Build Order
Export as new Build Order

MightyKiwi Zerg 

Build Orders: Hatch First 

Get SALT Encoding   

  12  0:01  Drone  
  13  0:13  Overlord  
  13  0:18  Drone  
  14  0:32  Drone x2  
  16  0:36  Drone  
  17  0:55  Hatchery  
  16  0:59  Drone  
  16  1:02  Extractor  
  16  1:14  Spawning Pool  
  16  1:17  Drone  
  16  1:20  Drone  
  17  1:31  Drone x2  
  19  1:42  Overlord  
  19  2:01  Zergling x2  
  19  2:02  Queen, Zergling x2  
  19  2:08  Queen  
  23  2:10  Metabolic Boost  
  25  2:18  Drone  
  25  2:20  Drone x2  
  28  2:30  Drone  
  28  2:37  Roach Warren  
  28  2:41  Spore Crawler  
  26  2:49  Drone x3  
  29  2:58  Drone x3  
  32  3:03  Overlord  
  33  3:07  Overlord  
  33  3:20  Drone x3  
  36  3:36  Overlord  
  36  3:39  Hatchery  
  35  3:43  Drone x3  
  38  3:49  Queen  
  40  3:59  Drone  
  40  4:00  Drone x4  
  40  4:02  Drone x2  
  46  4:12  Extractor  
  44  4:19  Zergling x10  
  49  4:24  Overlord  
  49  4:25  Lair  
  49  4:27  Queen  
  49  4:28  Overlord  
  51  4:32  Overlord  
  50  4:50  Spore Crawler  
  50  4:51  Roach x5  
  55  5:01  Roach x4  
  63  5:10  Drone  
  63  5:14  Ravager  
  65  5:22  Drone x8  
  65  5:24  Overlord  
  73  5:29  Queen  
  75  5:41  Drone  
  76  5:43  Roach x4  
  76  5:46  Ravager  
  84  6:00  Spore Crawler  
  77  6:16  Queen  
  76  6:21  Drone x14  
  90  6:34  Spore Crawler  
  90  6:36  Drone, Extractor  
  90  6:37  Overlord x2  
  89  6:47  Overlord  
  89  6:53  Drone x2, Extractor  
  89  6:54  Evolution Chamber  
  89  6:55  Evolution Chamber, Overlord, Queen  
  90  7:02  Spire  
  90  7:07  Baneling Nest  
  88  7:09  Glial Reconstitution  
  87  7:16  Drone x2  
  87  7:17  Drone x5  
  87  7:18  Drone  
  87  7:21  Drone  
  87  7:22  Drone x2  
  98  7:26  Zerg Melee Weapons Level 1  
  98  7:29  Zerg Ground Armor Level 1  
  98  7:41  Roach x5  
  98  7:43  Ravager  
  109  7:49  Drone x5  
  109  7:50  Drone, Extractor x2  
  113  7:56  Overlord  
  113  7:59  Centrifical Hooks  
  113  8:03  Overseer  
  113  8:10  Zergling x16  
  121  8:15  Overlord x2  
  121  8:25  Baneling x9  
  121  8:30  Ravager x2  
  121  8:32  Zergling x12  
  129  8:47  Roach  
  129  8:48  Roach x5  
  134  8:53  Zergling x4  
  131  9:00  Baneling x4  
  133  9:02  Roach  
  133  9:03  Roach x2  
  133  9:05  Hatchery  
  133  9:08  Infestation Pit  
Show
View Real Time Build Order
Export as new Build Order

HeroMarine Terran - Winner!

Build Orders: Liberator Opening, Reaper Expand, Bio Tank, MMM Bio 

Get SALT Encoding   

  12  0:00  SCV  
  13  0:13  SCV  
  14  0:17  Supply Depot  
  14  0:25  SCV  
  15  0:39  SCV  
  15  0:40  Barracks  
  16  0:44  Refinery  
  16  0:51  SCV  
  17  1:03  SCV  
  18  1:15  SCV  
  19  1:28  Reaper  
  19  1:30  Orbital Command  
  20  1:41  Command Center  
  20  1:51  Supply Depot  
  20  1:55  SCV  
  20  1:59  Refinery  
  21  2:02  Marine  
  21  2:07  SCV  
  23  2:17  Factory  
  23  2:19  SCV  
  24  2:23  Barracks Reactor  
  24  2:32  SCV  
  25  2:44  SCV  
  26  2:53  Orbital Command  
  26  2:56  SCV  
  27  3:03  Starport  
  27  3:07  Hellion  
  27  3:08  SCV  
  27  3:09  Hellion  
  32  3:20  SCV  
  32  3:22  Barracks Tech Lab, Bunker, Liberator  
  32  3:23  SCV  
  33  3:32  SCV, Supply Depot  
  34  3:35  SCV  
  38  3:44  SCV, Siege Tank  
  38  3:47  Marine x2  
  45  3:48  SCV  
  45  3:53  Supply Depot  
  45  3:56  SCV  
  45  4:00  SCV  
  47  4:05  Marine x2  
  47  4:08  SCV  
  50  4:10  Liberator  
  50  4:12  SCV  
  50  4:16  Supply Depot  
  51  4:20  SCV  
  52  4:24  SCV  
  52  4:26  Command Center  
  56  4:33  SCV  
  56  4:36  Siege Tank  
  56  4:37  SCV  
  61  4:39  Supply Depot  
  61  4:40  Marine x2  
  63  4:46  SCV  
  63  4:49  SCV  
  63  4:51  Refinery  
  65  4:53  Refinery  
  65  4:55  Supply Depot  
  65  4:58  Marine x2  
  67  5:02  SCV x2  
  67  5:05  Engineering Bay  
  67  5:06  Engineering Bay  
  69  5:15  Barracks  
  69  5:16  Barracks  
  69  5:17  Siege Tank  
  69  5:20  SCV  
  73  5:22  Supply Depot  
  73  5:23  Marine  
  73  5:28  Marine  
  75  5:30  SCV  
  75  5:31  Starport Reactor  
  75  5:32  SCV  
  77  5:36  Terran Infantry Weapons Level 1  
  77  5:38  Terran Infantry Armor Level 1  
  77  5:46  Orbital Command  
  77  5:49  SCV x2  
  79  5:50  Marine x2  
  81  5:57  Barracks  
  81  6:00  Siege Tank  
  81  6:01  Barracks  
  84  6:06  Barracks Tech Lab x2  
  84  6:09  SCV x2  
  84  6:10  Marine  
  84  6:11  Marine  
  88  6:16  Supply Depot  
  88  6:18  Supply Depot  
  85  6:19  Orbital Command  
  85  6:21  SCV x2  
  85  6:24  Combat Shields, Stimpack  
  87  6:27  Medivac  
  87  6:32  Marine x3  
  91  6:33  Marine  
  91  6:37  SCV x2  
  95  6:46  SCV  
  96  6:49  SCV x2  
  96  6:51  Marauder  
  96  6:54  Supply Depot  
  100  6:55  Barracks Reactor  
  100  6:57  Barracks Reactor, Medivac x2  
  104  7:02  SCV x3  
  104  7:05  Supply Depot, Marine x2  
  104  7:06  Armory  
  109  7:09  Refinery  
  109  7:14  SCV x2  
  109  7:15  SCV  
  112  7:17  Supply Depot  
  112  7:18  Supply Depot  
  112  7:24  Supply Depot, Marine  
  112  7:25  Marine  
  112  7:26  SCV  
  112  7:27  SCV x2  
  117  7:32  Refinery  
  117  7:33  Marine x2  
  117  7:34  Siege Tank  
  124  7:37  Marauder  
  124  7:38  SCV  
  124  7:39  SCV  
  124  7:40  SCV  
  127  7:44  Supply Depot, Marauder, Marine x3  
  127  7:49  Medivac x2  
  127  7:50  Marine  
  127  7:51  SCV, Marine  
  139  7:56  Marine  
  139  7:58  Marine  
  141  8:02  Marine  
  141  8:03  Factory  
  142  8:05  Barracks  
  142  8:06  Marauder, Marine x2  
  142  8:09  Barracks  
  146  8:21  Marine x2  
  146  8:22  Marauder  
  150  8:29  Marauder  
  150  8:31  Sensor Tower  
  150  8:32  Barracks  
  152  8:35  Marine x2  
  154  8:43  Marauder  
  154  8:47  Marine x3  
  159  8:50  Marauder  
  159  8:54  Barracks Reactor  
  161  8:58  Factory Tech Lab  
  161  8:59  Command Center  
  161  9:00  Missile Turret  
  161  9:05  Marauder  
  163  9:10  Marine  
  163  9:11  Marauder  
Tags
 
Add a new tag
Caveats
  • Supply blocks, unpowered buildings, or Contaminate may cause inaccurate times.
  • Supply counts are checked every 10 seconds.